SA
WASHINGTON GENERALS @ SYRACUSE STORM
06/17/2027
 
TOP OF THE 1ST
Washington Generals batting - Pitching for Syracuse Storm : RHP Collin Ferrer
Pitching: RHP Collin Ferrer
Batting: SHB Pedro Villarreal 0-0: Ball
1-0: Ball
2-0: Ball
3-0: Base on Balls
Batting: RHB Ricardo Bruno 0-0: Swinging Strike
0-1: Ball
1-1: SINGLE (Groundball, 56D)
Pedro Villarreal to second
Batting: RHB Ken Bone 0-0: Ball
1-0: Ball
2-0: Ball
3-0: Called Strike
3-1: Foul Ball, location: 2F
3-2: Grounds into double play, 4-6-3 (Groundball, 34D)
Pedro Villarreal to third
Batting: RHB David Tineo 0-0: Ball
1-0: Swinging Strike
1-1: Ground out 6-3 (Groundball, 6)
Top of the 1st over - 0 run(s), 1 hit(s), 0 error(s), 1 left on base; Washington 0 - Syracuse 0
BOTTOM OF THE 1ST
Syracuse Storm batting - Pitching for Washington Generals : RHP Iván Vázquez
Pitching: RHP Iván Vázquez
Batting: RHB Tom Boyer 0-0: Called Strike
0-1: Ball
1-1: Foul Ball, location: 2F
1-2: Foul Ball, location: 2F
1-2: Ball
2-2: Foul Ball, location: 2F
2-2: Strikes out swinging
Batting: LHB António Paez 0-0: Called Strike
0-1: Foul Ball, location: 2F
0-2: SINGLE (Groundball, 4) (infield hit)
Batting: RHB Phil Sherman 0-0: Called Strike
0-1: Ball
1-1: Called Strike
1-2: Foul Ball, location: 2F
1-2: Foul Ball, location: 2F
1-2: Grounds into double play, 6-4-3 (Groundball, 56)
Bottom of the 1st over - 0 run(s), 1 hit(s), 0 error(s), 0 left on base; Washington 0 - Syracuse 0
TOP OF THE 2ND
Washington Generals batting - Pitching for Syracuse Storm : RHP Collin Ferrer
Batting: RHB Roberto Aguirre 0-0: Called Strike
0-1: Swinging Strike
0-2: Strikes out looking
Batting: RHB Brant Thigpen 0-0: Ground out 5-3 (Groundball, 56)
Batting: RHB Thom Reppond 0-0: Ball
1-0: Foul Ball, location: 2F
1-1: Foul Ball, location: 2F
1-2: Strikes out swinging
Top of the 2nd over - 0 run(s), 0 hit(s), 0 error(s), 0 left on base; Washington 0 - Syracuse 0
BOTTOM OF THE 2ND
Syracuse Storm batting - Pitching for Washington Generals : RHP Iván Vázquez
Batting: RHB Eisse Cals 0-0: Swinging Strike
0-1: Foul Ball, location: 2F
0-2: Ball
1-2: Ground out 4-3 (Groundball, 4)
Batting: RHB Jerry Bowen 0-0: Foul Ball, location: 2F
0-1: Ball
1-1: Ball
2-1: Swinging Strike
2-2: Ball
3-2: Strikes out looking
Batting: RHB Scotty Smalls 0-0: Fly out, F9 (Flyball, 9)
Bottom of the 2nd over - 0 run(s), 0 hit(s), 0 error(s), 0 left on base; Washington 0 - Syracuse 0
TOP OF THE 3RD
Washington Generals batting - Pitching for Syracuse Storm : RHP Collin Ferrer
Batting: RHB Mike Lipide 0-0: SINGLE (Flyball, 8LS)
Batting: RHB Chad Silander 0-0: Ball
1-0: Ball
2-0: Ball
3-0: Called Strike
3-1: SINGLE (Line Drive, 34D)
Mike Lipide to second
Batting: SHB Pedro Villarreal 0-0: SINGLE (Groundball, 4MD)
Mike Lipide to third
Chad Silander to second
Batting: RHB Ricardo Bruno 0-0: Ball
1-0: Swinging Strike
1-1: Ball
2-1: Foul Ball, location: 2F
2-2: Strikes out swinging
Batting: RHB Ken Bone 0-0: Foul Ball, location: 2F
0-1: Ball
1-1: Swinging Strike
1-2: Strikes out swinging
Batting: RHB David Tineo 0-0: Called Strike
0-1: Called Strike
0-2: Fly out, F8 (Flyball, 8RM)
Top of the 3rd over - 0 run(s), 3 hit(s), 0 error(s), 3 left on base; Washington 0 - Syracuse 0
BOTTOM OF THE 3RD
Syracuse Storm batting - Pitching for Washington Generals : RHP Iván Vázquez
Batting: RHB Vince Staples 0-0: Ball
1-0: Fly out, F9 (Flyball, 89S)
Batting: RHB Tsuginori Kobayashi 0-0: Called Strike
0-1: Ball
1-1: Ball
2-1: Foul Ball, location: 2F
2-2: Ground out 5-3 (Groundball, 5)
Batting: LHB Phil MacNamara 0-0: Ball
1-0: Called Strike
1-1: DOUBLE (Line Drive, 7LS)
Batting: RHB Tom Boyer 0-0: Called Strike
0-1: Ball
1-1: Swinging Strike
1-2: Fly out, F9 (Flyball, 9S)
Bottom of the 3rd over - 0 run(s), 1 hit(s), 0 error(s), 1 left on base; Washington 0 - Syracuse 0
TOP OF THE 4TH
Washington Generals batting - Pitching for Syracuse Storm : RHP Collin Ferrer
Batting: RHB Roberto Aguirre 0-0: Ball
1-0: Called Strike
1-1: Ball
2-1: Foul Ball, location: 2F
2-2: Foul Ball, location: 2F
2-2: Ground out 6-3 (Groundball, 6)
Batting: RHB Brant Thigpen 0-0: Foul Ball, location: 2F
0-1: SINGLE (Flyball, 8LS)
Batting: RHB Thom Reppond 0-0: Fly out, F4 (Popup, 4S)
Batting: RHB Mike Lipide 0-0: Called Strike
0-1: Ball
1-1: Ball
2-1: Ball
3-1: Called Strike
3-2: Ground out 6-3 (Groundball, 56D)
Top of the 4th over - 0 run(s), 1 hit(s), 0 error(s), 1 left on base; Washington 0 - Syracuse 0
BOTTOM OF THE 4TH
Syracuse Storm batting - Pitching for Washington Generals : RHP Iván Vázquez
Batting: LHB António Paez 0-0: SINGLE (Groundball, 34D)
Batting: RHB Phil Sherman 0-0: Ball
1-0: Called Strike
António Paez steals 2nd base
1-1: Called Strike
1-2: Ball
2-2: Strikes out swinging
Batting: RHB Eisse Cals 0-0: Called Strike
0-1: Ball
1-1: SINGLE (Flyball, 7S)
António Paez to third
Batting: RHB Jerry Bowen 0-0: Ball
1-0: Foul Ball, location: 2F
1-1: Grounds into double play, 5-4-3 (Groundball, 5)
Bottom of the 4th over - 0 run(s), 2 hit(s), 0 error(s), 1 left on base; Washington 0 - Syracuse 0
TOP OF THE 5TH
Washington Generals batting - Pitching for Syracuse Storm : RHP Collin Ferrer
Batting: RHB Chad Silander 0-0: Ball
1-0: Ball
2-0: Swinging Strike
2-1: Foul Ball, location: 2F
2-2: Fly out, F8 (Flyball, 8RM)
Batting: SHB Pedro Villarreal 0-0: Ball
1-0: Fly out, F7 (Flyball, 7LS)
Batting: RHB Ricardo Bruno 0-0: Called Strike
0-1: Called Strike
0-2: Strikes out swinging
Top of the 5th over - 0 run(s), 0 hit(s), 0 error(s), 0 left on base; Washington 0 - Syracuse 0
BOTTOM OF THE 5TH
Syracuse Storm batting - Pitching for Washington Generals : RHP Iván Vázquez
Batting: RHB Scotty Smalls 0-0: Called Strike
0-1: Ball
1-1: Ground out 5-3 (Groundball, 5S)
Batting: RHB Vince Staples 0-0: Called Strike
0-1: Ground out 6-3 (Groundball, 6)
Batting: RHB Tsuginori Kobayashi 0-0: Swinging Strike
0-1: Ball
1-1: Fly out, F7 (Line Drive, 7D)
Bottom of the 5th over - 0 run(s), 0 hit(s), 0 error(s), 0 left on base; Washington 0 - Syracuse 0
TOP OF THE 6TH
Washington Generals batting - Pitching for Syracuse Storm : RHP Collin Ferrer
Batting: RHB Ken Bone 0-0: Ball
1-0: Called Strike
1-1: SINGLE (Groundball, 4MD)
Batting: RHB David Tineo 0-0: Foul Ball, location: 2F
0-1: Fly out, F7 (Flyball, 7LM)
Batting: RHB Roberto Aguirre 0-0: Ball
1-0: Called Strike
1-1: Ball
2-1: Ball
3-1: Base on Balls
Ken Bone to second
Batting: RHB Brant Thigpen 0-0: Ball
1-0: Called Strike
1-1: Swinging Strike
1-2: Strikes out swinging
Batting: RHB Thom Reppond 0-0: Ball
1-0: Called Strike
1-1: Foul Ball, location: 2F
1-2: Fielders Choice at 2nd, 6-4 (Groundball, 6)
Top of the 6th over - 0 run(s), 1 hit(s), 0 error(s), 1 left on base; Washington 0 - Syracuse 0
BOTTOM OF THE 6TH
Syracuse Storm batting - Pitching for Washington Generals : RHP Iván Vázquez
Batting: LHB Phil MacNamara 0-0: Called Strike
0-1: Ball
1-1: Ball
2-1: Foul Ball, location: 2F
2-2: Foul Ball, location: 2F
2-2: Ball
3-2: Base on Balls
Batting: RHB Tom Boyer 0-0: Ball
Wild Pitch!
Phil MacNamara to second
1-0: Ball
2-0: Called Strike
2-1: Called Strike
2-2: Strikes out swinging
Batting: LHB António Paez 0-0: Ball
1-0: Ground out 4-3 (Groundball, 34D)
Phil MacNamara to third
Batting: RHB Phil Sherman 0-0: Ball
1-0: Ball
2-0: Ball
3-0: Base on Balls
Batting: RHB Eisse Cals 0-0: Called Strike
0-1: Ball
1-1: Ball
2-1: Ball
3-1: Called Strike
3-2: Fly out, F6 (Popup, 6D)
Bottom of the 6th over - 0 run(s), 0 hit(s), 0 error(s), 2 left on base; Washington 0 - Syracuse 0
TOP OF THE 7TH
Washington Generals batting - Pitching for Syracuse Storm : RHP Collin Ferrer
Pinch Hitting: RHB Ángel Castro 0-0: Called Strike
0-1: Foul Ball, location: 2F
0-2: Ball
1-2: Ground out U3 (Groundball, 34S)
Pinch Hitting: RHB Jim Unknown 0-0: Ball
1-0: Ball
2-0: SINGLE (Groundball, 4MD)
Batting: SHB Pedro Villarreal 0-0: Called Strike
0-1: Ball
1-1: Swinging Strike
1-2: Ball
2-2: Ball
3-2: Foul Ball, location: 2F
3-2: Foul Ball, location: 2F
3-2: Hit by Pitch
Jim Unknown to second
Batting: RHB Ricardo Bruno 0-0: Fly out, F7 (Line Drive, 7)
Batting: RHB Ken Bone 0-0: Ball
1-0: Ground out 5-3 (Groundball, 56S)
Top of the 7th over - 0 run(s), 1 hit(s), 0 error(s), 2 left on base; Washington 0 - Syracuse 0
BOTTOM OF THE 7TH
Syracuse Storm batting - Pitching for Washington Generals : RHP Iván Vázquez
Now at 2B: Ricardo Sandoval
Now in LF: Ángel Castro
Pinch Hitting: LHB Jim Unknown 0-0: Called Strike
0-1: Ball
1-1: Ball
2-1: Ball
3-1: Base on Balls
Batting: RHB Scotty Smalls 0-0: Sac Bunt - play at first, batter OUT! 1-4
Jim Unknown to second
Batting: RHB Vince Staples 0-0: Intentional Walk
Pinch Hitting: RHB Jim Unknown 0-0: Ball
Vince Staples is caught stealing 2nd base
1-0: Ball
2-0: Called Strike
2-1: Foul Ball, location: 2F
2-2: Strikes out looking
Bottom of the 7th over - 0 run(s), 0 hit(s), 0 error(s), 1 left on base; Washington 0 - Syracuse 0
TOP OF THE 8TH
Washington Generals batting - Pitching for Syracuse Storm : RHP Collin Ferrer
Now at 3B: Jim Unknown
Now in LF: Jim Unknown
Batting: RHB David Tineo 0-0: Ball
1-0: Ball
2-0: SINGLE (Line Drive, 56D)
Batting: RHB Roberto Aguirre 0-0: Called Strike
0-1: Fly out, F7 (Flyball, 7LM)
Batting: RHB Brant Thigpen 0-0: Ball
1-0: Ball
David Tineo steals 2nd base
2-0: Called Strike
2-1: Ball
3-1: Foul Ball, location: 2F
3-2: Base on Balls
Pinch Hitting: LHB Manny Cardoza 0-0: Ball
1-0: Fly out, F5 (Popup, 56S)
Batting: RHB Ángel Castro 0-0: Foul Ball, location: 2F
0-1: Ball
1-1: Swinging Strike
1-2: Ball
2-2: Ball
3-2: Base on Balls
David Tineo to third
Brant Thigpen to second
Pitching: RHP Francisco Castillo
Pinch Hitting: SHB Dave Gant 0-0: Called Strike
0-1: Called Strike
0-2: Ball
1-2: Strikes out swinging
Top of the 8th over - 0 run(s), 1 hit(s), 0 error(s), 3 left on base; Washington 0 - Syracuse 0
BOTTOM OF THE 8TH
Syracuse Storm batting - Pitching for Washington Generals : RHP Iván Vázquez
Now at 2B: Stan Wheeler
Now in RF: Alonso Vielma
Batting: LHB Phil MacNamara 0-0: Ball
1-0: Called Strike
1-1: Ball
2-1: Called Strike
2-2: Strikes out swinging
Batting: RHB Tom Boyer 0-0: Swinging Strike
0-1: Foul Ball, location: 2F
0-2: Foul Ball, location: 2F
0-2: Foul Ball, location: 2F
0-2: Ground out 6-3 (Groundball, 6)
Pinch Hitting: RHB Scott Donlan 0-0: Ball
1-0: Swinging Strike
1-1: Called Strike
1-2: Strikes out swinging
Bottom of the 8th over - 0 run(s), 0 hit(s), 0 error(s), 0 left on base; Washington 0 - Syracuse 0
TOP OF THE 9TH
Washington Generals batting - Pitching for Syracuse Storm : RHP Francisco Castillo
Pitching: RHP Jim Unknown
Now at 2B: Gustavo Mena
Batting: SHB Pedro Villarreal 0-0: Ball
1-0: Ground out 4-3 (Groundball, 4)
Batting: RHB Ricardo Bruno 0-0: Called Strike
0-1: Ball
1-1: Ground out 6-3 (Groundball, 6)
Batting: RHB Ken Bone 0-0: Foul Ball, location: 2F
0-1: Ball
1-1: Ball
2-1: Swinging Strike
2-2: Strikes out swinging
Top of the 9th over - 0 run(s), 0 hit(s), 0 error(s), 0 left on base; Washington 0 - Syracuse 0
BOTTOM OF THE 9TH
Syracuse Storm batting - Pitching for Washington Generals : RHP Iván Vázquez
Pitching: LHP Daniel Ryan
Batting: RHB Phil Sherman 0-0: Swinging Strike
0-1: Ball
1-1: Fly out, F4 (Popup, 4MD)
Batting: RHB Eisse Cals 0-0: Ground out 4-3 (Groundball, 4)
Pinch Hitting: RHB Carlos Ávila 0-0: Ball
1-0: Ball
2-0: Ball
3-0: Called Strike
3-1: Called Strike
3-2: Foul Ball, location: 2F
3-2: Foul Ball, location: 2F
3-2: Foul Ball, location: 2F
3-2: DOUBLE (Flyball, 8LD)
Pinch Hitting: RHB José Colón 0-0: Ball
1-0: Ball
2-0: Called Strike
2-1: SINGLE (Groundball, 56D)
Carlos Ávila to third
Runner from 3rd tries for Home, SAFE, no throw
Saturday, May 26th, 2018 - OOTP Baseball 17.12 Build 75